[Event "Late-Titled-Tuesday-Blitz-September-12-2023"]
[Site "Chess.com"]
[Date "2023.09.12"]
[Round "5"]
[White "lachesisQ"]
[Black "oskariot"]
[Result "1-0"]
[WhiteElo "3085"]
[BlackElo "2694"]
[TimeControl "180+1"]
[EndTime "14:50:37 PDT"]
[Termination "lachesisQ won by resignation"]

1. e4 c5 2. Nf3 e6 3. c3 d5 4.
exd5 exd5 5. d4 Nf6 6. Bd3 c4 7. Bc2 Nc6 8. O-O Be7 9. Re1 O-O 10. Nbd2 Bg4 11. Nf1 Bh5 12. Ng3 Bg6 13. Nf5 Bxf5 14. Bxf5 Bd6 15. Bg5 h6 16. Bh4 g6 17. Bc2 Kg7 18.
Ne5 Re8 19. f4 Be7 20. Qf3 Ng8 21. Bf2 Qd6 22. Re2 Nf6 23. Rae1 Bf8 24. Bh4 Nh7 25. g4 Nxe5 26. dxe5 Qb6+ 27. Kh1 Be7 28. Bg3 1-0

[Event "Late-Titled-Tuesday-Blitz-September-12-2023"]
[Site "Chess.com"]
[Date "2023.09.12"]
[Round "5"]
[White "The_Straightforward_Rook"]
[Black "Skagoogle"]
[Result "0-1"]
[WhiteElo "2533"]
[BlackElo "2788"]
[TimeControl "180+1"]
[EndTime "14:50:58 PDT"]
[Termination "Skagoogle won by checkmate"]

1. d4 d5 2. Nf3 Nf6 3. c4 dxc4 4. e3 Bg4 5. Nbd2 Nc6 6. h3 Bh5 7. Nxc4 e6 8. g4 Bg6 9. Bg2 h5 10. g5 Ne4 11. h4 Bb4+ 12. Kf1 Bd6 13. a3 O-O 14. b4 f6 15. Rg1 fxg5 16. hxg5 Kh7 17. Ncd2 Nc3 18. Qb3 Nd5 19. Rh1 a5 20. b5 a4 21. Qd1 Nce7 22. e4 Nf4 23. e5 Bd3+ 24. Kg1 Neg6 25. exd6 Ne2+ 26. Kh2 Qxd6+ 27. Ne5 Nxe5 28.
dxe5 Qxe5+ 29. Kh3 Bf5+ 30. Kh4 Qf4+ 31. Kxh5 g6# 0-1

[Event "Late-Titled-Tuesday-Blitz-September-12-2023"]
[Site "Chess.com"]
[Date "2023.09.12"]
[Round "5"]
[White "Francisco_Ferrari"]
[Black "KorolDimitriy75"]
[Result "1-0"]
[WhiteElo "2236"]
[BlackElo "2367"]
[TimeControl "180+1"]
[EndTime "14:51:00 PDT"]
[Termination "Francisco_Ferrari won by checkmate"]

1. d4 Nf6 2. Bg5 Ne4 3. Bf4 c5 4. c3 Qb6 5. Qb3 cxd4 6. cxd4 Qxd4 7. e3 Qb6 8. Qc2 Nc6 9. Nf3 d5 10. Nc3 Bf5 11. Bd3 Nb4 12. Qa4+ Bd7 13. Bb5 Bxb5 14.
Nxb5 Nc5 15. Nc7+ Kd8 16. Qe8# 1-0

[Event "Late-Titled-Tuesday-Blitz-September-12-2023"]
[Site "Chess.com"]
[Date "2023.09.12"]
[Round "5"]
[White "becemix"]
[Black "AsaHoffmann"]
[Result "1-0"]
[WhiteElo "2533"]
[BlackElo "2338"]
[TimeControl "180+1"]
[EndTime "14:51:06 PDT"]
[Termination "becemix won by resignation"]

1. e4 d6 2. d4 Nf6 3. Nc3 c6 4.
Bg5 Nbd7 5. Qd2 b5 6. f3 e5 7. Nge2 Be7 8. O-O-O Qc7 9. h4 a6 10. dxe5 dxe5 11. Ng3 Nb6 12. Bxf6 Bxf6 13. Qd6 Ra7 14. Qxc7 Rxc7 15. Rd2 Be6 16. b3 g6 17. Kb2 h5 18.
Be2 Ke7 19. Nf1 Rd8 20. Rxd8 Kxd8 21. g3 Be7 22. Ne3 Bc5 23. Rd1+ Ke7 24. Nf1 Rd7 25. Bd3 Rd4 26. Be2 Rxd1 27. Nxd1 Bf2 28. Nxf2 1-0

[Event "Late-Titled-Tuesday-Blitz-September-12-2023"]
[Site "Chess.com"]
[Date "2023.09.12"]
[Round "5"]
[White "EnvigadoCity"]
[Black "Michalczak"]
[Result "0-1"]
[WhiteElo "2104"]
[BlackElo "2502"]
[TimeControl "180+1"]
[EndTime "14:51:07 PDT"]
[Termination "Michalczak won by resignation"]

1. d4 Nf6 2. c4 e6 3. Nc3 d5 4. cxd5 exd5 5. Bg5 Nbd7 6. e3 c6 7. Bd3 Be7 8. Nge2 Nh5 9. Bxe7 Qxe7 10. g4 Nhf6 11. Nf4 h6 12. Qc2 Nb6 13. h3 Bd7 14. O-O-O O-O-O 15. a4 Kb8 16. a5 Nc8 17. Qb3 Nd6 18.
Na4 Ka8 19. Kc2 Nfe4 20. Rhf1 g5 21. Ne2 f5 22. f3 Nf6 23. Qa3 Bc8 24. Kd2 Rhe8 25. Nb6+ Kb8 26. Bxf5 Bxf5 27. gxf5 axb6 28. axb6 Nc4+ 0-1

[Event "Late-Titled-Tuesday-Blitz-September-12-2023"]
[Site "Chess.com"]
[Date "2023.09.12"]
[Round "5"]
[White "Herman-NY"]
[Black "Veleamater"]
[Result "1-0"]
[WhiteElo "2526"]
[BlackElo "2318"]
[TimeControl "180+1"]
[EndTime "14:51:08 PDT"]
[Termination "Herman-NY won by resignation"]

1. e4 d6 2. d4 g6 3. Nc3 Bg7 4. Be3 Nf6 5. f3 O-O 6. Qd2 Nc6 7. d5 Ne5 8. h4 c6 9. h5 cxd5 10. Nxd5 Nxh5 11. Bh6 e6 12. Bxg7 Kxg7 13. Nc3 Nf6 14. Qh6+ Kg8 15. O-O-O b5 16. Nh3 b4 17. Ng5 Re8 18. Nb5 d5 19. Nxh7 Nxh7 20. Qxh7+ Kf8 21. Qh8+ Ke7 22. Qxe5 Qb6 23. exd5 Ba6 24. d6+ Kd7 25. Nc7 Rac8 26. Bxa6 1-0

[Event "Late-Titled-Tuesday-Blitz-September-12-2023"]
[Site "Chess.com"]
[Date "2023.09.12"]
[Round "5"]
[White "Mackster23"]
[Black "KVAIDAN"]
[Result "1-0"]
[WhiteElo "2550"]
[BlackElo "2266"]
[TimeControl "180+1"]
[EndTime "14:51:13 PDT"]
[Termination "Mackster23 won by checkmate"]

1. e4 e5 2. Nf3 d5 3. exd5 e4 4. Qe2 Nf6 5. Nc3 Be7 6. Nxe4 Nxd5 7. d4 O-O 8. Bd2 Re8 9. O-O-O f5 10. Nc3 Nxc3 11. Bxc3 Bg5+ 12. Bd2 Rxe2 13. Bxg5 Re7 14. Bc4+ Kh8 15. Ne5 Qf8 16. Bxe7 Qxe7 17. Rhe1 Be6 18.
Ng6+ hxg6 19. Rxe6 Qg5+ 20. Kb1 Nc6 21. Rd3 Qh5 22. Rh3 Nxd4 23. Rxg6 Qxh3 24. gxh3 Re8 25. b3 c6 26. Rg5 Re5 27. Rh5# 1-0

[Event "Late-Titled-Tuesday-Blitz-September-12-2023"]
[Site "Chess.com"]
[Date "2023.09.12"]
[Round "5"]
[White "miraitrunks"]
[Black "checkmatequen"]
[Result "0-1"]
[WhiteElo "2118"]
[BlackElo "2351"]
[TimeControl "180+1"]
[EndTime "14:51:13 PDT"]
[Termination "checkmatequen won by checkmate"]

1. e4 c6 2. d4 d5 3. Nc3 dxe4 4. Nxe4 Nf6 5. Nxf6+ gxf6 6. Bc4 Bf5 7. Ne2 e6 8. Ng3 Bg6 9. c3 Nd7 10. Qe2 Nb6 11.
Bb3 Bd6 12. Ne4 Be7 13. Bh6 Rg8 14. O-O-O Qc7 15. Bxe6 fxe6 16. Nxf6+ Bxf6 17. Qxe6+ Qe7 18. Qxg8+ Kd7 19. Qb3 Bg5+ 20. Bxg5 Qxg5+ 21. Rd2 Re8 22. g3 Qf5 23. Rc2 Qf3 24. Rd1 Bxc2 25. Qxc2 Qe4 26.
Qd2 Nc4 27. Qg5 Qe2 28. Qf5+ Kc7 29. Qf7+ Kb6 30. b3 Qb2# 0-1

[Event "Late-Titled-Tuesday-Blitz-September-12-2023"]
[Site "Chess.com"]
[Date "2023.09.12"]
[Round "5"]
[White "dennisodessa"]
[Black "petr577"]
[Result "1-0"]
[WhiteElo "2530"]
[BlackElo "2332"]
[TimeControl "180+1"]
[EndTime "14:51:22 PDT"]
[Termination "dennisodessa won by resignation"]

1. d4 Nf6 2. c4 e5 3. Nc3 exd4 4.
Qxd4 Nc6 5. Qh4 Be7 6. Bg5 d5 7. O-O-O d4 8. Nf3 dxc3 9. Rxd8+ Nxd8 10. bxc3 Ba3+ 11. Kc2 Bf5+ 12. Kb3 Be7 13. Nd4 Bg6 14. f3 c5 15. Nb5 Ne6 16. Bxf6 Bxf6 17. Qg3 O-O 18. e4 a6 19. Nd6 Rab8 20. f4 Bh5 21. f5 Nc7 22. e5 b5 23. exf6 bxc4+ 24. Kc2 g6 25. Bxc4 Nb5 26. Bxb5 axb5 27. Qg5 Kh8 28. Qh6 1-0

[Event "Late-Titled-Tuesday-Blitz-September-12-2023"]
[Site "Chess.com"]
[Date "2023.09.12"]
[Round "5"]
[White "Rinqed222"]
[Black "a-z30"]
[Result "0-1"]
[WhiteElo "2238"]
[BlackElo "2420"]
[TimeControl "180+1"]
[EndTime "14:51:23 PDT"]
[Termination "a-z30 won on time"]

1. e4 d6 2. d4 Nf6 3. Nc3 g6 4. Be2 Bg7 5. Be3 O-O 6. g4 Nc6 7. g5 Nd7 8. h4 e5 9. d5 Nd4 10. h5 c6 11. Qd2 Nb6 12. O-O-O cxd5 13. exd5 Bf5 14. Bd3 Rc8 15. Bxd4 exd4 16. Ne4 Nc4 17. Qf4 Re8 18. hxg6 hxg6 19. Qh4 Bxe4 20. Bxe4 Nxb2 21.
Qh7+ Kf8 22. Rh4 d3 23. Rf4 Rxc2+ 24. Kb1 Re7 25. Bxg6 Qb6 0-1

[Event "Late-Titled-Tuesday-Blitz-September-12-2023"]
[Site "Chess.com"]
[Date "2023.09.12"]
[Round "5"]
[White "Alex_Banzea"]
[Black "Rud_Makarian"]
[Result "1-0"]
[WhiteElo "2658"]
[BlackElo "2935"]
[TimeControl "180+1"]
[EndTime "14:51:24 PDT"]
[Termination "Alex_Banzea won on time"]

1. d4 Nf6 2. Nc3 d5 3. Bf4 c5 4. e3 a6 5. dxc5 e6 6. Na4 Nbd7 7. Nf3 Nxc5 8. Nxc5 Bxc5 9. c3 O-O 10. Bd3 h6 11. O-O b6 12. Qe2 Bb7 13. Rad1 Qe7 14. Be5 b5 15.
Bxf6 Qxf6 16. e4 Rad8 17. e5 Qe7 18. a3 g6 19. Nd4 Rc8 20. f4 Bxd4+ 21. cxd4 b4 22. a4 b3 23. Qe3 Kg7 24. f5 exf5 25. g4 fxg4 26. Rf6 Rc4 27. Rdf1 Bc8 28. Bxg6 Be6 29.
Bh7 1-0

[Event "Late-Titled-Tuesday-Blitz-September-12-2023"]
[Site "Chess.com"]
[Date "2023.09.12"]
[Round "5"]
[White "ChessSwole"]
[Black "Njal28"]
[Result "0-1"]
[WhiteElo "2706"]
[BlackElo "3111"]
[TimeControl "180+1"]
[EndTime "14:51:25 PDT"]
[Termination "Njal28 won by resignation"]

1. Nf3 c5 2. g3 b5 3. Bg2 Bb7 4. O-O e6 5. d3 d6 6. e4 Nd7 7. a4 b4 8. Nbd2 Ngf6 9. Nc4 Be7 10. Re1 O-O 11. a5 Rc8 12. c3 d5 13. exd5 Nxd5 14.
Bd2 Ba6 15. Qc2 Qc7 16. h4 h6 17. Nfe5 Nxe5 18. Nxe5 Rfd8 19. c4 Nf6 20. Nc6 Rd7 21. Nxe7+ Rxe7 22. Bf4 e5 23. Qe2 Rce8 24. Be3 Nd7 25.
Qg4 Nf6 26. Qf3 Re6 27. Bh3 Bb7 28. Qe2 Rd6 29. Red1 Qc6 30. Kh2 h5 31. Bg5 Ng4+ 0-1

[Event "Late-Titled-Tuesday-Blitz-September-12-2023"]
[Site "Chess.com"]
[Date "2023.09.12"]
[Round "5"]
[White "MajorCoast"]
[Black "MBA_CHESS_2021"]
[Result "1-0"]
[WhiteElo "2282"]
[BlackElo "2210"]
[TimeControl "180+1"]
[EndTime "14:51:30 PDT"]
[Termination "MajorCoast won by resignation"]

1. d4 d5 2. Nf3 c6 3. h3 g6 4. Bf4 Bg7 5. e3 Bf5 6. Bd3 Bxd3 7.
Qxd3 e6 8. c4 Ne7 9. Nc3 O-O 10.
O-O Nd7 11. cxd5 exd5 12. b4 a6 13. a4 h6 14. b5 axb5 15. axb5 Re8 16. bxc6 bxc6 17.
Nd2 g5 18. Bh2 Ng6 19. Rfc1 Rxa1 20. Rxa1 Qb6 21. Ra6 Qb7 22. Bg3 Nc5 23. dxc5 Bxc3 24. Rb6 Qd7 25. Qxc3 f5 26. Qb2 f4 27. Rb7 Qxb7 28.
Qxb7 fxg3 29. Qxc6 gxf2+ 30. Kh2 Rf8 31. Qxg6+ Kh8 32.
Qxh6+ Kg8 33. Qxg5+ 1-0

[Event "Late-Titled-Tuesday-Blitz-September-12-2023"]
[Site "Chess.com"]
[Date "2023.09.12"]
[Round "5"]
[White "DanielNaroditsky"]
[Black "rasmussvane"]
[Result "1/2-1/2"]
[WhiteElo "3084"]
[BlackElo "2995"]
[TimeControl "180+1"]
[EndTime "14:51:31 PDT"]
[Termination "Game drawn by agreement"]

1. e4 e5 2. Nf3 Nc6 3. Nc3 Nf6 4. g3 d5 5. exd5 Nxd5 6. Bg2 Nxc3 7. bxc3 Bd6 8. O-O O-O 9. d3 Bf5 10. Rb1 Rb8 11. Re1 Qd7 12. Ng5 h6 13. Ne4 Bg4 14. f3 Be6 15. Bxh6 Bxa2 16. Ra1 Bd5 17. Nxd6 cxd6 18. Be3 b5 19. Ra6 Rb7 20. Qe2 Ra8 21. c4 bxc4 22. dxc4 Be6 23. f4 Rc8 24. fxe5 Nxe5 25.
Rxd6 Qxd6 26. Bxb7 Rxc4 27. Bg2 1/2-1/2

[Event "Late-Titled-Tuesday-Blitz-September-12-2023"]
[Site "Chess.com"]
[Date "2023.09.12"]
[Round "5"]
[White "Siemba"]
[Black "rikchessmx"]
[Result "1-0"]
[WhiteElo "2520"]
[BlackElo "2292"]
[TimeControl "180+1"]
[EndTime "14:51:32 PDT"]
[Termination "Siemba won on time"]

1. Nf3 g6 2. g3 Bg7 3. Bg2 e5 4. e4 Nf6 5. d3 d6 6. O-O O-O 7. Re1 Nc6 8. c3 Nh5 9. d4 exd4 10. Nxd4 Ne5 11. h3 Bd7 12. Na3 a6 13. Nac2 Rb8 14.
a4 Qc8 15. Kh2 c5 16. Ne2 Qc7 17. Ne3 Bc6 18. Nd5 Qd8 19. a5 Nf6 20. Nef4 Re8 21. Ra2 h5 22. b3 h4 23. g4 g5 24.
Nxf6+ Qxf6 25. Nd5 Bxd5 26. Qxd5 Re7 27. Rf1 Nf3+ 28. Kh1 Rbe8 29. Re2 Bh6 30. Bb2 Qf4 31. Bxf3 Qxf3+ 32. Kg1 Rxe4 33. Rxe4 Rxe4 34. c4 1-0

[Event "Late-Titled-Tuesday-Blitz-September-12-2023"]
[Site "Chess.com"]
[Date "2023.09.12"]
[Round "5"]
[White "AlexanderL"]
[Black "bazar-wokzal"]
[Result "1-0"]
[WhiteElo "2856"]
[BlackElo "2572"]
[TimeControl "180+1"]
[EndTime "14:51:37 PDT"]
[Termination "AlexanderL won by resignation"]

1. Nf3 c5 2. c3 Nf6 3. d4 e6 4. Bf4 d5 5. e3 Nc6 6. Nbd2 Bd6 7. Bg3 Qe7 8. Ne5 Nd7 9. Nxd7 Bxd7 10. Nf3 O-O 11. Be2 f5 12. Bxd6 Qxd6 13. O-O f4 14. Qd2 Rae8 15. dxc5 fxe3 16. Qxe3 Qf4 17. Bb5 Qxe3 18.
fxe3 a6 19. Bxc6 Bxc6 20. Ne5 Bb5 21. Rf4 g5 22. Rxf8+ Rxf8 23. Nf3 h6 24. Nd4 Bd7 25. Rf1 Rc8 26. b4 a5 27. a3 axb4 28. axb4 Ra8 29. h4 Kg7 30. hxg5 hxg5 31. Nf3 Kf6 32. e4 dxe4 33. Nd2+ Ke5 34. Nc4+ 1-0

[Event "Late-Titled-Tuesday-Blitz-September-12-2023"]
[Site "Chess.com"]
[Date "2023.09.12"]
[Round "5"]
[White "Rutricks"]
[Black "artooon"]
[Result "0-1"]
[WhiteElo "2687"]
[BlackElo "3036"]
[TimeControl "180+1"]
[EndTime "14:51:38 PDT"]
[Termination "artooon won on time"]

1. Nf3 Nf6 2. g3 b6 3. Bg2 Bb7 4. b3 e6 5. Bb2 Be7 6. c4 O-O 7.
O-O c5 8. e3 d5 9. cxd5 Bxd5 10. Qe2 Bb7 11. Rd1 Ba6 12. Qe1 Bd3 13. Ne5 Be4 14.
Nc3 Bxg2 15. Kxg2 Qc8 16. Qe2 Nbd7 17. Nxd7 Nxd7 18. d4 cxd4 19. Rxd4 Bf6 20. Rc4 Qb7+ 21. f3 Ne5 22. Rf4 Ng6 23. Rxf6 gxf6 24. Ne4 e5 25. Nxf6+ Kh8 26. h4 Qc6 27. Ng4 f6 28. h5 Ne7 29.
Rc1 Qe6 30. Rc7 Rac8 31. Rxa7 Nc6 32. Rb7 Nb4 33. Kh3 Qf5 0-1

[Event "Late-Titled-Tuesday-Blitz-September-12-2023"]
[Site "Chess.com"]
[Date "2023.09.12"]
[Round "5"]
[White "Schwindle"]
[Black "carloseduar100"]
[Result "1-0"]
[WhiteElo "2432"]
[BlackElo "2272"]
[TimeControl "180+1"]
[EndTime "14:51:46 PDT"]
[Termination "Schwindle won by resignation"]

1. e4 e6 2. d4 d5 3. Nd2 c5 4.
exd5 Qxd5 5. Ngf3 cxd4 6. Nb3 Nc6 7. Nbxd4 Nxd4 8. Nxd4 a6 9. c3 Nf6 10. Be2 Bd7 11. O-O Be7 12. Bf3 Qa5 13. Bxb7 Rb8 14. Nc6 Qc7 15. Nxb8 Qxb7 16. Nxd7 Nxd7 17. Qb3 Qc8 18.
Rd1 O-O 19. Bf4 Nc5 20. Qc2 a5 21. Bd6 Bxd6 22. Rxd6 a4 23. Rad1 Qb7 24. Rd8 g6 25. Rxf8+ Kxf8 26. Qd2 Qb5 27. b4 axb3 28. axb3 Nxb3 29.
Qh6+ Ke7 30. Qh4+ Kf8 31. Qf6 Qb6 32. Rd8+ Qxd8 33. Qxd8+ Kg7 34. h4 1-0

[Event "Late-Titled-Tuesday-Blitz-September-12-2023"]
[Site "Chess.com"]
[Date "2023.09.12"]
[Round "5"]
[White "WaybackBoy"]
[Black "BlueWizzard"]
[Result "0-1"]
[WhiteElo "2720"]
[BlackElo "2952"]
[TimeControl "180+1"]
[EndTime "14:51:48 PDT"]
[Termination "BlueWizzard won on time"]

1. d4 Nc6 2. Nf3 d5 3. c4 e6 4. Nc3 Bb4 5. e3 a6 6. Bd2 Nf6 7. Rc1 O-O 8. cxd5 Nxd5 9. Nxd5 Bxd2+ 10. Qxd2 Qxd5 11. Bc4 Qd6 12. O-O e5 13. dxe5 Qxd2 14. Nxd2 Nxe5 15. Be2 Rd8 16. Rfd1 Be6 17. Rxc7 Nd3 18.
Rxb7 Bxa2 19. Ne4 Bd5 20. Re7 Kf8 21. Rxd3 Kxe7 22. Nc3 Bb7 23. Rxd8 Rxd8 24. Kf1 Rd2 25. Na4 Bxg2+ 26. Ke1 Rd6 27. Nc5 a5 28. f3 Rb6 29.
b3 Bh3 30. e4 Be6 31. Bd1 Rb5 0-1

[Event "Late-Titled-Tuesday-Blitz-September-12-2023"]
[Site "Chess.com"]
[Date "2023.09.12"]
[Round "5"]
[White "gmpeter008"]
[Black "PotapovaM"]
[Result "1-0"]
[WhiteElo "2474"]
[BlackElo "2630"]
[TimeControl "180+1"]
[EndTime "14:51:48 PDT"]
[Termination "gmpeter008 won on time"]

1. c4 Nf6 2. g3 g6 3. Bg2 Bg7 4. Nc3 O-O 5. e4 e5 6. Nge2 d6 7. O-O c5 8. d3 Nc6 9. h3 Nd4 10. Nxd4 cxd4 11. Ne2 Nd7 12. f4 f5 13. exf5 gxf5 14. b3 Nc5 15. Ba3 Qe7 16. fxe5 dxe5 17. Qd2 Rb8 18. Rae1 Qc7 19. b4 Ne6 20. Bd5 Kh8 21. b5 Nc5 22. Qg5 b6 23. Nxd4 Bd7 24. Nxf5 Bxf5 25. Rxf5 Rxf5 26. Qxf5 Nxd3 27. Be4 Bh6 28.
Bd6 1-0

[Event "Late-Titled-Tuesday-Blitz-September-12-2023"]
[Site "Chess.com"]
[Date "2023.09.12"]
[Round "5"]
[White "Maxfan2008"]
[Black "YellowJacek"]
[Result "1-0"]
[WhiteElo "2557"]
[BlackElo "2321"]
[TimeControl "180+1"]
[EndTime "14:51:48 PDT"]
[Termination "Maxfan2008 won by resignation"]

1. d4 Nf6 2. c4 g6 3. Nf3 Bg7 4. g3 c6 5. Bg2 d5 6. b3 O-O 7. O-O Ne4 8. Bb2 dxc4 9. bxc4 c5 10. e3 Nc6 11. Nc3 Bf5 12. Nh4 Nxc3 13. Bxc3 Be6 14. Nf3 Bxc4 15. Re1 e6 16. Qa4 b5 17. Qa6 Qc8 18. Qxc8 Raxc8 19. Rec1 cxd4 20. Nxd4 Nxd4 21. Bxd4 Bxd4 22. exd4 Rfd8 23. a4 b4 24. a5 b3 25.
Ra4 Rxd4 26. Rb4 Rcd8 27. Bf3 e5 28. Rcxc4 Rxc4 29. Rxc4 Rd3 30. Kg2 f5 31. Rb4 e4 32.
Be2 Rc3 33. Bc4+ Kg7 34. Bxb3 Rc5 35. Rb7+ Kf6 36. Rxa7 Ke5 37. a6 Ra5 38. Bc4 Kd4 39. Rc7 1-0

[Event "Late-Titled-Tuesday-Blitz-September-12-2023"]
[Site "Chess.com"]
[Date "2023.09.12"]
[Round "5"]
[White "ArtemDyachuk"]
[Black "F-Ghaith2021"]
[Result "1-0"]
[WhiteElo "2545"]
[BlackElo "2369"]
[TimeControl "180+1"]
[EndTime "14:51:49 PDT"]
[Termination "ArtemDyachuk won by resignation"]

1. d4 Nf6 2. c4 e6 3. Nc3 d5 4. cxd5 exd5 5. Bg5 Be7 6. e3 c6 7. Bd3 Nbd7 8. Qc2 Nh5 9. Bxe7 Qxe7 10. Nge2 g6 11.
O-O O-O 12. Rae1 f5 13. Nc1 Ndf6 14. f3 Qb4 15. Nb3 Bd7 16. Qf2 a5 17. Nc5 Rad8 18. N3a4 Ne4 19. fxe4 fxe4 20. a3 Rxf2 21. axb4 Rd2 22.
Be2 b5 23. Bxh5 bxa4 24. Re2 Rxe2 25. Bxe2 axb4 26. Ra1 Bf5 27. Rxa4 Rb8 28. Na6 Rc8 29. Rxb4 Ra8 30. Rb8+ Rxb8 31. Nxb8 Kf7 32. Nxc6 Bd7 33. Ne5+ Ke6 34. Bg4+ 1-0

[Event "Late-Titled-Tuesday-Blitz-September-12-2023"]
[Site "Chess.com"]
[Date "2023.09.12"]
[Round "5"]
[White "IMGC"]
[Black "Maksimus1998"]
[Result "0-1"]
[WhiteElo "2418"]
[BlackElo "2562"]
[TimeControl "180+1"]
[EndTime "14:51:50 PDT"]
[Termination "Maksimus1998 won by checkmate"]

1. d4 Nf6 2. Nf3 b6 3. e3 Bb7 4.
Bd3 g6 5. O-O Bg7 6. c4 O-O 7.
Nc3 d5 8. cxd5 Nxd5 9. e4 Nxc3 10. bxc3 c5 11. Be3 e6 12. Qe2 Nc6 13. dxc5 Bxc3 14. Rab1 Nd4 15. Nxd4 Bxd4 16. Rfc1 e5 17. Bh6 Re8 18.
c6 Bc8 19. c7 Qd6 20. Bb5 Bd7 21. Qf3 Bxb5 22. Rxb5 Rac8 23. h4 Bc5 24. Rd1 Qe6 25. Rb3 Rxc7 26. Rbd3 Bd4 27. Qg3 Rc6 28. R3d2 f6 29.
h5 g5 30. Qf3 Rc3 31. Qe2 Rec8 32. Qb5 R3c5 33. Qb4 Qc4 34. Qa3 R8c7 35. Qf3 Qe6 36. g3 Rc3 37. Rd3 Rxd3 38. Rxd3 Qh3 39. Rd1 Rc3 40. Qxf6 Rxg3# 0-1

[Event "Late-Titled-Tuesday-Blitz-September-12-2023"]
[Site "Chess.com"]
[Date "2023.09.12"]
[Round "5"]
[White "fyall777"]
[Black "laiciffOneslraCsungaM"]
[Result "1-0"]
[WhiteElo "2625"]
[BlackElo "2328"]
[TimeControl "180+1"]
[EndTime "14:51:52 PDT"]
[Termination "fyall777 won by resignation"]

1. d4 d5 2. c4 e6 3. Nf3 c6 4.
e3 f5 5. cxd5 exd5 6. Ne5 Nf6 7.
Bd3 Bd6 8. f4 O-O 9. Nc3 Be6 10. O-O Nbd7 11. Bd2 Ne4 12. Be1 Qb6 13. Qc2 c5 14. Nxd5 Bxd5 15. Nxd7 Qc7 16. Nxf8 Rxf8 17. dxc5 Bxc5 18. Bxe4 Bxe4 19. Qb3+ Kh8 20. Rc1 b6 21. Bb4 Qb7 22. Bxc5 bxc5 23. Qxb7 Bxb7 24. Rxc5 Be4 25. Rfc1 Kg8 26. Rc8 1-0

[Event "Late-Titled-Tuesday-Blitz-September-12-2023"]
[Site "Chess.com"]
[Date "2023.09.12"]
[Round "5"]
[White "Bigfish1995"]
[Black "kuli4ik"]
[Result "1-0"]
[WhiteElo "3060"]
[BlackElo "2946"]
[TimeControl "180+1"]
[EndTime "14:51:55 PDT"]
[Termination "Bigfish1995 won on time"]

1. h3 d5 2. Nf3 c6 3. b3 f6 4.
d4 g6 5. c4 Bg7 6. Nc3 e6 7.
e4 Ne7 8. Be2 O-O 9. O-O dxe4 10. Nxe4 f5 11. Nc5 b6 12. Nd3 c5 13. Nfe5 Nbc6 14.
Bf3 Bb7 15. Bg5 Qc8 16. Nxc6 Nxc6 17. dxc5 e5 18. Bd5+ Kh8 19. Rc1 h6 20. Be3 f4 21.
Bd2 Nd4 22. Re1 f3 23. Nxe5 Bxe5 24. Rxe5 fxg2 25. Bc3 Qxh3 26. Rh5 1-0

[Event "Late-Titled-Tuesday-Blitz-September-12-2023"]
[Site "Chess.com"]
[Date "2023.09.12"]
[Round "5"]
[White "Gentlejimmy7"]
[Black "emeli_chess"]
[Result "0-1"]
[WhiteElo "2529"]
[BlackElo "2382"]
[TimeControl "180+1"]
[EndTime "14:51:57 PDT"]
[Termination "emeli_chess won on time"]

1. d4 Nf6 2. c4 e6 3. Nc3 Bb4 4. e3 b6 5. Ne2 Ba6 6. a3 Bxc3+ 7. Nxc3 d5 8. b3 O-O 9. Be2 c5 10. dxc5 dxc4 11. Qxd8 Rxd8 12. cxb6 Nbd7 13. Bf3 cxb3 14. Bxa8 Rxa8 15. Bb2 axb6 16. O-O-O Nc5 17. Kb1 Bd3+ 18.
Ka1 Bc2 19. Rd4 Kf8 20. f3 Ke7 21. e4 Nh5 22. g3 Nf6 23. Re1 Nfd7 24. Rb4 Nd3 25.
Nd5+ exd5 26. exd5+ Nxe1 0-1

[Event "Late-Titled-Tuesday-Blitz-September-12-2023"]
[Site "Chess.com"]
[Date "2023.09.12"]
[Round "5"]
[White "emirgulbeyaz"]
[Black "lilylg"]
[Result "1-0"]
[WhiteElo "2314"]
[BlackElo "2171"]
[TimeControl "180+1"]
[EndTime "14:51:57 PDT"]
[Termination "emirgulbeyaz won on time"]

1. d4 d5 2. Bf4 c6 3. e3 Nf6 4. Nf3 e6 5. c4 Ne4 6. Bd3 f5 7. O-O Be7 8. Nc3 O-O 9. Nd2 Nd7 10. f3 Nxd2 11. Qxd2 Bf6 12. Rfd1 Kh8 13. Rac1 g5 14. Bg3 f4 15. Bf2 dxc4 16. Bxc4 Nb6 17. Bb3 fxe3 18.
Bxe3 Nd5 19. Bf2 Nf4 20. Ne4 Bg7 21. Re1 e5 22. dxe5 Qxd2 23. Nxd2 Bf5 24. Bc2 Bxc2 25. Rxc2 Nd3 26. Re2 Nxe5 27. Ne4 h6 28. Nc5 b6 29. Ne6 Rae8 30. Nxf8 Bxf8 31. Bd4 Bg7 32. Kf1 Re7 33. Rc1 Ng6 34. Rxe7 Nxe7 35. Bxg7+ Kxg7 36. Rd1 Nd5 37. Kf2 Kf7 38. g3 Ke6 39. a3 c5 40. Rh1 Nf6 41.
h4 g4 42. Rd1 b5 43. Ke3 Nd5+ 44. Kf2 gxf3 45. Kxf3 c4 46. g4 h5 47. g5 Ne7 48.
Ke4 1-0

[Event "Late-Titled-Tuesday-Blitz-September-12-2023"]
[Site "Chess.com"]
[Date "2023.09.12"]
[Round "5"]
[White "chosenpr"]
[Black "APOKALIPSA13"]
[Result "0-1"]
[WhiteElo "2380"]
[BlackElo "2269"]
[TimeControl "180+1"]
[EndTime "14:51:58 PDT"]
[Termination "APOKALIPSA13 won on time"]

1. e4 e5 2. Nf3 d5 3. Nxe5 Bd6 4. d4 dxe4 5. Nc4 Be7 6. Nc3 Nf6 7. Be2 O-O 8. O-O Bf5 9. Bg5 Nd5 10. Bxe7 Nxe7 11. Ne3 Bg6 12. Bc4 c6 13. a4 Kh8 14. f4 exf3 15. Rxf3 Bh5 16. g4 Bg6 17.
Qd2 f5 18. gxf5 Nxf5 19. Nxf5 Rxf5 20. Rxf5 Bxf5 21. Rf1 Bg6 22. Bf7 Nd7 23. Bxg6 hxg6 24. Ne4 Qh4 25. Rf4 Qh5 26. Qf2 g5 27. Rf3 Qg4+ 28.
Ng3 Nf6 29. Qe3 Re8 30. Qd2 Qxf3 0-1

[Event "Late-Titled-Tuesday-Blitz-September-12-2023"]
[Site "Chess.com"]
[Date "2023.09.12"]
[Round "5"]
[White "Ali_rastbod"]
[Black "Hikaru"]
[Result "0-1"]
[WhiteElo "2706"]
[BlackElo "3206"]
[TimeControl "180+1"]
[EndTime "14:51:59 PDT"]
[Termination "Hikaru won by resignation"]

1. d4 g6 2. e4 Bg7 3. Nf3 c6 4. Nc3 d5 5. h3 b6 6. e5 Ba6 7.
Bxa6 Nxa6 8. e6 fxe6 9. Qe2 Nc7 10. Bf4 Nh6 11. O-O-O Nf7 12. Bxc7 Qxc7 13. Qxe6 Qd6 14.
Rhe1 Qxe6 15. Rxe6 Kd7 16. Rde1 Rae8 17. a4 Rhf8 18. Kd1 Nd6 19. Nb1 Rf4 20. Nbd2 Bxd4 21. g3 Rxf3 22. Nxf3 Bxf2 23. R1e2 Bxg3 24. R6e3 Nc4 25.
Rb3 Bf4 26. h4 e5 27. Ng5 e4 28. Nh3 Be5 29. Rf2 Nxb2+ 30. Ke2 Nxa4 31. Rf7+ Re7 32. Rxe7+ Kxe7 33. Ra3 Nc3+ 34. Kd2 Nb1+ 0-1

[Event "Late-Titled-Tuesday-Blitz-September-12-2023"]
[Site "Chess.com"]
[Date "2023.09.12"]
[Round "5"]
[White "aNaartjieZA"]
[Black "Dr_crypt"]
[Result "1-0"]
[WhiteElo "2589"]
[BlackElo "2423"]
[TimeControl "180+1"]
[EndTime "14:51:59 PDT"]
[Termination "aNaartjieZA won on time"]

1. e4 d5 2. exd5 Qxd5 3. Nc3 Qd6 4. Nf3 Bg4 5. Be2 Nf6 6. h3 Bh5 7. d3 Nc6 8. Bg5 e6 9. Qd2 Be7 10. Bf4 e5 11. Bg3 O-O 12. O-O Rad8 13. Rad1 Rfe8 14.
Qc1 Bxf3 15. Bxf3 Nd4 16. Be2 Nd5 17. Rfe1 Nxc3 18. bxc3 Nf5 19. Bh2 Bf6 20. Bg4 Ne7 21. Qb2 b6 22. Qb5 Qd5 23. a4 c6 24. Qb4 c5 25.
Qb5 Ng6 26. Bf3 Qa2 27. Re2 c4 28. d4 Re7 29. d5 Qa3 30. Qxc4 Qd6 31. Qb4 Rc7 32.
Be4 Ne7 33. a5 1-0